 Dungeon Crawl Stone Soup version 0.20-a0-61-ga1b20b4 (webtiles) character file.

187 Faca the Shield-Bearer (level 5, -9/42 HPs)
             Began as a Formicid Fighter on Nov 17, 2016.
             Mangled by Faca's ghost (12 damage)
             ... on level 4 of the Dungeon.
             The game lasted 00:18:21 (2735 turns).

Faca the Shield-Bearer (Formicid Fighter)           Turns: 2735, Time: 00:18:21

Health: -9/42      AC: 14    Str: 26    XL:     5   Next: 99%
Magic:  5/5        EV:  8    Int:  7    God:
Gold:   31         SH: 11    Dex: 11    Spells: 0 memorised, 4 levels left

rFire  . . .     SeeInvis +     o - +2 long sword (protect)
rCold  . . .     Gourm    .     b - +0 scale mail
rNeg   . . .     Faith    .     c - +1 shield
rPois  .         Spirit   .     (helmet unavailable)
rElec  .         Reflect  .     (no cloak)
rCorr  .         Harm     .     (no gloves)
MR     .....                    (no boots)
Stlth  ..........               (no amulet)
                                (no ring)
                                e - ring of wizardry

@: mighty, protection aura
A: permanent stasis, dig shafts and tunnels, four strong arms, antennae 3
a: Dig, Shaft Self


You were on level 4 of the Dungeon.
You were not hungry.

You visited 1 branch of the dungeon, and saw 4 of its levels.

You collected 209 gold pieces.
You spent 178 gold pieces at shops.

Inventory:

Hand Weapons
 o - a +2 long sword of protection (weapon)
Missiles
 g - a throwing net (quivered)
Armour
 b - a +0 scale mail (worn)
 c - a +1 shield (worn)
Jewellery
 e - a ring of wizardry (left hand)
Scrolls
 f - 6 scrolls of remove curse
 l - 3 scrolls of identify
 n - a scroll of magic mapping
Potions
 d - a potion of might
 h - a potion of invisibility {unknown}
 i - a potion of curing {unknown}
 k - 2 potions of heal wounds {unknown}
 m - 2 potions of lignification {unknown}
Comestibles
 j - a meat ration


   Skills:
 + Level 4.1 Fighting
 + Level 3.6 Long Blades
 + Level 4.1 Armour
 + Level 0.6 Dodging
 + Level 0.3 Stealth
 + Level 4.7 Shields


You had 4 spell levels left.
You didn't know any spells.

Dungeon Overview and Level Annotations

Branches:
Dungeon (4/15)
 Temple: D:4-7

Altars:

Shops:
D:4 (

Annotations:
D:4 Faca's ghost, novice FoFi


Innate Abilities, Weirdness & Mutations

You are under a permanent stasis effect.
You can dig through walls and to a lower floor.
Your four strong arms can wield two-handed weapons with a shield.
You have a pair of large antennae on your head. (SInv)


Message History

Faca's ghost closely misses you. You block Faca's ghost's attack.
You closely miss Faca's ghost.
Faca's ghost is heavily damaged.
Faca's ghost hits you!
You hit Faca's ghost but do no damage.
Your weapon exudes an aura of protection.
Faca's ghost is heavily damaged.
Faca's ghost hits you but does no damage.
You slash Faca's ghost!
Faca's ghost is heavily damaged.
Faca's ghost hits you.
* * * LOW HITPOINT WARNING * * *
Faca's ghost hits you!
* * * LOW HITPOINT WARNING * * *
You feel very mighty all of a sudden. You block Faca's ghost's attack.
You barely miss Faca's ghost.
Faca's ghost is heavily damaged.
Faca's ghost hits you!
You die...

##.## ##..## # #..#
#....## ## ##.## #.....#
##. #..# #....## ##..
##.## #...## ##... #..#
#...# ##.... ##.## ##...#
#..... . #..###...##
##..... ....#.@.##...#
##......
.......W.......###.......
........##...#...##......
.........##...##...#.....
......... #...####.......
.........###...# ###.....
.........# #...# ##..#.
........## ##.... #..##
#.... #..#


You could see Faca's ghost.

Vanquished Creatures
  2 hounds (D:4)
  An orc priest (D:3)
  An adder (D:2)
  An ooze (D:1)
  3 worms
  A leopard gecko (D:3)
  5 orcs (D:3)
  4 giant cockroaches
  13 goblins
  4 hobgoblins
  7 jackals
  2 kobolds
  9 bats
  6 frilled lizards
  7 rats
66 creatures vanquished.

Notes
Turn   | Place    | Note
-------+----------+-------------------------------------------
     0 | D:1      | Faca the Formicid Fighter began the quest for the Orb.
     0 | D:1      | Reached XP level 1. HP: 18/18 MP: 1/1
   189 | D:1      | Reached XP level 2. HP: 16/24 MP: 2/2
   539 | D:1      | Reached XP level 3. HP: 28/29 MP: 3/3
  1109 | D:2      | Reached XP level 4. HP: 33/37 MP: 4/4
  1585 | D:3      | Reached XP level 5. HP: 39/42 MP: 5/5
  2670 | D:4      | Found Ogaat's Weapon Shoppe.
  2688 | D:4      | Bought a +2 long sword of protection for 178 gold pieces
  2712 | D:4      | Noticed Faca's ghost (novice FoFi)
  2733 | D:4      | HP: 2/42 [Faca's ghost (9)]
  2735 | D:4      | Mangled by Faca's ghost

Vault maps used:
D:1:      lightli_iron_boxes
D:3:      supply_closet_lemuel, kennysheep_minor_cross
D:4:      serial_shops, shop_coins

Skill      XL: |  1  2  3  4 |
---------------+-------------+-----
Shields        | 4 |  4.7
Armour         | 4 |  4.1
Fighting       | 4 |  4.1
Long Blades    | 3 |  3.6
Dodging        | |  0.6
Stealth        | |  0.3

Action                   |  1- 3 |  4- 6 || total
-------------------------+-------+-------++-------
Melee: Long sword        |   112 |   135 ||   247
  Use: Scroll            |     2 |     9 ||    11
       Potion            |       |     1 ||     1
  Eat: Bread ration      |     1 |       ||     1
       Meat ration       |       |     1 ||     1
Armor: Scale mail        |    40 |    63 ||   103
Dodge: Dodged            |    36 |    50 ||    86
Block: Shield            |    57 |    73 ||   130
       Rpst.: Long sword |    11 |    17 ||    28
